 Dungeon Crawl Stone Soup version 0.27.1-2-g3b301248ec (webtiles) character file.

Game seed: 2386738763720810520

25105 jjjjhere the Bludgeoner (level 12, -6/86 HPs)
             Began as a Palentonga Fighter on Sept 26, 2021.
             Was a High Priest of Wu Jian.
             Killed by the air
             ... invoked by Gastronok
              (21 damage)
             ... on level 3 of the Lair of Beasts.
             The game lasted 00:37:08 (17490 turns).

jjjjhere the Bludgeoner (Palentonga Fighter)       Turns: 17490, Time: 00:37:08

Health: -6/86      AC: 33    Str: 28    XL:     12   Next: 86%
Magic:  12/12      EV:  8    Int:  9    God:    Wu Jian [*****.]
Gold:   1191       SH: 12    Dex: 13    Spells: 11/11 levels left

rFire    + . .     SeeInvis +   a - +1 morningstar (vorpal)
rCold    + . .     Faith    .   c - +0 kite shield
rNeg     . . .     Spirit   .   X - +0 storm dragon scales
rPois    .         Reflect  .   x - +2 hat
rElec    +         Harm     .   (no cloak)
rCorr    .         Rampage  .   e - +0 pair of gloves
Will     .....                  p - +7 barding "Pucef" {Str+7}
Stlth    ..........             Z - amulet of magic regeneration
HPRegen  0.24/turn              C - ring of protection from cold
MPRegen  0.38/turn              E - ring of protection from fire

@: about to teleport, slowed, studying 2 skills, curled up, very slow
A: large, rugged brown scales 3, see invisible, deformed body, roll 1, armoured
tail, reflexive curl
a: Rolling Charge, Renounce Religion, Wall Jump, Serpent's Lash, Heavenly Storm


You were on level 3 of the Lair of Beasts.
You worshipped Wu Jian.
Wu Jian was extremely pleased with you.
You visited 2 branches of the dungeon, and saw 12 of its levels.
You also visited: Sewer and Ice Cave.

You collected 1191 gold pieces.

Inventory:

Hand Weapons
 a - a +1 vorpal morningstar (weapon)
 b - a +0 hunting sling
Missiles
 i - 2 curare-tipped darts
 m - 318 stones
 o - 57 sling bullets
 v - 8 boomerangs
 D - 12 poisoned darts (quivered)
 V - a throwing net
Armour
 c - a +0 kite shield (worn)
 e - a +0 pair of gloves (worn)
 p - the +7 barding "Pucef" (worn) {Str+7}
   (You acquired it on level 3 of the Dungeon)

   Str:       It affects your strength (+7).
 x - a +2 hat (worn)
 O - +0 acid dragon scales
 X - +0 storm dragon scales (worn)
 Y - a +2 chain mail of cold resistance
Jewellery
 l - a ring of resist corrosion
 B - a ring of magical power
 C - a ring of protection from cold (left hand)
 E - a ring of protection from fire (right hand)
 G - a ring of protection from cold
 K - a +6 ring of intelligence
 T - the ring of Res Nullius {Ice Dex+3}
   (You found it in an ice cave)

   [ring of ice]

   It enhances your ice magic.
   Dex:       It affects your dexterity (+3).
   rF:        It makes you vulnerable to fire.
   rC:        It protects you from cold.
 Z - an amulet of magic regeneration (around neck)
Wands
 H - a wand of iceblast (19)
 I - a wand of acid (13)
 J - a wand of polymorph (7)
 M - a wand of paralysis (8)
 N - a wand of mindburst (14)
 W - a wand of flame (23)
Scrolls
 f - a scroll of fear
 g - 3 scrolls of teleportation
 n - 5 scrolls of enchant weapon
 y - 4 scrolls of fog
 L - 2 scrolls of vulnerability
 P - 2 scrolls of enchant armour
 S - 3 scrolls of blinking
Potions
 d - a potion of might
 h - a potion of berserk rage {unknown}
 j - a potion of brilliance
 k - 2 potions of cancellation
 q - 3 potions of mutation
 r - a potion of magic
 s - 3 potions of invisibility
 t - 3 potions of haste
 u - 5 potions of curing
 w - a potion of resistance
 z - 2 potions of attraction
 A - 3 potions of flight
 F - 3 potions of lignification
 Q - 2 potions of heal wounds
 R - 2 potions of ambrosia
Miscellaneous
 U - a piece from Xom's chessboard (15/15)


   Skills:
 - Level 3.3 Fighting
 * Level 15.2 Maces & Flails
 + Level 5.9 Armour
 + Level 11.8 Dodging
 - Level 8.3 Shields


You had 11 spell levels left.
You didn't know any spells.
Your spell library contained the following spells:

 Spells                   Type           Power      Damage    Failure   Level
 Animate Skeleton         Necr           0%         N/A       94%         1
 Freeze                   Ice            0%         1d3       94%         1
 Magic Dart               Conj           0%         1d3       94%         1
 Pain                     Necr           0%         1d4       94%         1
 Blink                    Tloc           N/A        N/A       98%         2
 Searing Ray              Conj           0%         3d3       98%         2
 Frozen Ramparts          Ice            0%         1d2       100%        3
 Portal Projectile        Hex/Tloc       0%         N/A       100%        3
 Vampiric Draining        Necr           0%         2d6       100%        3
 Animate Armour           Summ/Erth      0%         N/A       100%        4
 Fulminant Prism          Conj/Hex       0%         3d6       100%        4
 Hailstorm                Conj/Ice       0%         3d3       100%        4
 Iskenderun's Mystic Bla  Conj/Tloc      0%         2d3       100%        4
 Blade Hands              Tmut           0%         N/A       100%        5
 Excruciating Wounds      Necr           0%         N/A       100%        5
 Lee's Rapid Deconstruct  Erth           0%         3d5*      100%        5
 Manifold Assault         Tloc           0%         N/A       100%        5
 Iron Shot                Conj/Erth      0%         9d1       100%        6
 Storm Form               Tmut/Air       0%         N/A       100%        7


Dungeon Overview and Level Annotations

Branches:
Dungeon (9/15)             Temple (0/1) D:6            Lair (3/6) D:9
  Swamp (0/4) Lair:3       Spider (0/4) Lair:2        Sewer (visited)
  IceCv (visited)
    Orc: D:9-12

Altars:
Cheibriados
Makhleb
Qazlal
Vehumet
Wu Jian
Xom
Yredelemnul

Annotations:
Lair:3 Gastronok


Innate Abilities, Weirdness & Mutations

You are completely covered in rugged brown scales. (AC +3, +7% HP)
You have supernaturally acute eyesight. (SInv)
Armour fits poorly on your strangely shaped body.
You can roll at nearby foes to attack.
You have a long armoured tail.
You curl defensively after being hit.


Message History

The swamp worm fires a harpoon shot at you.
The harpoon shot hits you!
You are yanked forward by the harpoon shot.
You block the swamp worm's attack.
Unknown command.
Unknown command.
The swamp worm fires a harpoon shot at you.
The harpoon shot hits you!
You are yanked forward by the harpoon shot.
Unknown command.
You hit the swamp worm.
The swamp worm is moderately wounded.
The swamp worm bites you but does no damage.
You puncture the swamp worm!
The swamp worm is heavily wounded.
You block the swamp worm's attack.
You barely miss the swamp worm.
The swamp worm is heavily wounded.
The swamp worm bites you!
You miss the swamp worm.
Your tail-slap misses the swamp worm.
The swamp worm is heavily wounded.
You barely miss the swamp worm.
Your tail-slap misses the swamp worm.
The swamp worm is heavily wounded.
The swamp worm closely misses you.
You thump the swamp worm!
The swamp worm is almost dead.
The swamp worm closely misses you.
You thump the swamp worm!
You kill the swamp worm!
The Council accepts your kill. Gastronok looks at you while chanting.
You feel yourself slow down.
Gastronok waves his eye-stalks in wide circles.
The air twists around and strikes you!!
* * * LOW HITPOINT WARNING * * *
As you read the scroll of teleportation, it crumbles to dust.
You feel strangely unstable.
Gastronok waves his eye-stalks in wide circles.
The air twists around and strikes you!!
You die...

..P#.####†.###♣ #+.#P.##
..##.####..♣♣♣♣ .......#
.......[..♣♣♣≈♣♣♣.....#
..........♣≈§§§§♣.....##
......)...♣§§§§≈♣......#
..........♣♣§§≈ ♣.....##
..........♣♣§§♣♣♣†.....#
##.........♣♣.♣♣......##
#..#.......§...@......#
.+###......#.§####w.>.#
#. #....##.### #.>.#.# ..
#.....### ##...# #
#.....# ..## ##....## ...
#......# ...#
#####.....##### #..#.
.##..#....###.###..#..###


You could see Gastronok.

Vanquished Creatures
  Rupert (Lair:3)
  A white draconian (IceCv)
  A hydra (Lair:1)
  Harold (D:9)
  Fannar (Lair:3)
  2 two-headed ogres (D:9)
  2 death yaks
  Nergalle (Lair:2)
  2 ice statues (IceCv)
  3 cane toads
  5 rime drakes
  Maggie (D:8)
  2 komodo dragons
  A troll (D:9)
  2 polar bears
  Prince Ribbit (Lair:1)
  2 tyrant leeches (Lair:3)
  8 blink frogs
  3 wyverns
  14 yaks
  3 basilisks (Lair:3)
  4 humans (D:7)
  2 steam dragons
  Menkaure (D:7)
  A death yak simulacrum (Lair:1)
  A swamp worm (Lair:3)
  10 water moccasins
  Duvessa (D:5)
  5 orc warriors
  An ice beast (D:8)
  2 black bears
  2 sky beasts
  A hornet zombie (D:7)
  An ogre (D:8)
  6 centaurs
  2 kobold brigands
  12 bullfrogs
  A cane toad simulacrum (Lair:1)
  3 scorpions
  2 wyvern zombies
  Dowan (D:5)
  4 lindwurm simulacra (IceCv)
  4 killer bees (D:9)
  9 wights
  4 howler monkeys
  4 crimson imps (D:6)
  5 hounds
  4 komodo dragon simulacra (IceCv)
  A bullfrog zombie (D:6)
  2 centaur zombies
  3 jellies
  6 orc priests
  A gnoll shaman (D:8)
  A bullfrog skeleton (D:7)
  Jessica (D:2)
  4 iguanas
  4 orc wizards
  A killer bee zombie (D:7)
  A hound skeleton (D:4)
  2 howler monkey zombies
  A howler monkey skeleton (D:7)
  8 gnolls
  6 acid dragon simulacra (IceCv)
  8 adders
  4 river rats (Sewer)
  An ufetubus (D:5)
  7 steam dragon simulacra (IceCv)
  5 worms
  3 dart slugs
  25 orcs
  9 ball pythons
  5 bats
  8 endoplasms
  5 giant cockroaches
  10 goblins
  8 hobgoblins
  4 jackals
  37 kobolds
  5 quokkas
  A frilled lizard (D:2)
  25 rats
362 creatures vanquished.

Vanquished Creatures (collateral kills)
  A hydra (Lair:1)
  A hound (D:8)
  A kobold (D:8)
3 creatures vanquished.

Vanquished Creatures (others)
  27 fungi
  45 plants
72 creatures vanquished.

Grand Total: 437 creatures vanquished

Notes
Turn   | Place    | Note
-------+----------+-------------------------------------------
     0 | D:1      | jjjjhere the Palentonga Fighter began the quest for the
                  | Orb.
     0 | D:1      | Reached XP level 1. HP: 19/19 MP: 1/1
   315 | D:1      | Reached XP level 2. HP: 25/25 MP: 2/2
   656 | D:1      | You fall into a shaft and drop 1 floor!
   698 | D:1      | Reached XP level 3. HP: 26/31 MP: 3/3
   762 | D:1      | Found a faded altar of an unknown god.
   774 | D:1      | Became a worshipper of the Wu Jian Council
   774 | D:1      | Reached * piety under Wu Jian
  1304 | D:2      | Reached skill level 3 in Maces & Flails
  1744 | D:2      | Noticed Jessica
  1752 | D:2      | Killed Jessica
  1753 | D:2      | Reached XP level 4. HP: 37/37 MP: 4/4
  2015 | D:2      | HP: 12/37 [hound (3)]
  2016 | D:2      | HP: 5/37 [hound (4)]
  2021 | D:2      | HP: 5/37 [jackal (1)]
  2298 | D:2      | Reached skill level 4 in Maces & Flails
  2366 | D:3      | Found a radiant altar of Vehumet.
  2417 | D:3      | Reached XP level 5. HP: 42/43 MP: 5/5
  2531 | D:3      | Reached ** piety under Wu Jian
  2626 | D:3      | Found a snail-covered altar of Cheibriados.
  2627 | D:3      | Found a stormy altar of Qazlal.
  2688 | D:3      | Found a glowing drain.
  2692 | Sewer    | Entered a sewer
  2922 | Sewer    | Reached skill level 5 in Maces & Flails
  3075 | Sewer    | Reached XP level 6. HP: 30/50 MP: 6/6
  3276 | Sewer    | Reached *** piety under Wu Jian
  3280 | Sewer    | HP: 14/50 [kobold brigand (4)]
  3283 | Sewer    | HP: 4/50 [poisoned by a kobold brigand (curare-tipped
                  | dart)]
  3290 | Sewer    | HP: 16/50 [poisoned by a kobold brigand (curare-tipped
                  | dart)]
  3295 | Sewer    | HP: 3/50 [kobold brigand (8)]
  4420 | D:4      | Reached skill level 6 in Maces & Flails
  4582 | D:4      | Identified a scroll of acquirement
  4604 | D:3      | Acquired the +7 barding "Pucef" {Str+7}
  4648 | D:4      | Gained mutation: You curl defensively after being hit.
                  | [Palentonga growth]
  4648 | D:4      | Reached XP level 7. HP: 55/55 MP: 7/7
  5040 | D:4      | Found a burning altar of Makhleb.
  5773 | D:5      | Entered Level 5 of the Dungeon
  5871 | D:5      | Noticed Dowan
  5891 | D:5      | Killed Dowan
  5892 | D:5      | Reached skill level 7 in Maces & Flails
  6334 | D:5      | Noticed Duvessa
  6467 | D:5      | Killed Duvessa
  6468 | D:5      | Reached skill level 1 in Dodging
  6468 | D:5      | Reached skill level 5 in Shields
  6468 | D:5      | Reached XP level 8. HP: 40/62 MP: 8/8
  6746 | D:6      | Found a basalt altar of Yredelemnul.
  6750 | D:6      | Reached skill level 8 in Maces & Flails
  7006 | D:6      | Found a shimmering altar of Xom.
  7102 | D:6      | Found a staircase to the Ecumenical Temple.
  7542 | D:7      | Reached skill level 9 in Maces & Flails
  7805 | D:7      | Noticed Menkaure
  7861 | D:7      | Reached **** piety under Wu Jian
  7862 | D:7      | Reached XP level 9. HP: 62/68 MP: 9/9
  8157 | D:7      | HP: 22/68 [orc priest/divine providence (11)]
  8160 | D:7      | Reached skill level 5 in Dodging
  8454 | D:7      | HP: 15/68 [??? (12)]
  8455 | D:7      | HP: 6/68 [Menkaure (10)]
  8457 | D:7      | Killed Menkaure
  8586 | D:7      | Reached skill level 10 in Maces & Flails
  9495 | D:8      | Noticed Maggie
  9520 | D:8      | Killed Maggie
  9899 | D:8      | Reached XP level 10. HP: 54/74 MP: 10/10
 10027 | D:8      | Reached skill level 11 in Maces & Flails
 11084 | D:9      | Reached ***** piety under Wu Jian
 11160 | D:9      | Noticed a two-headed ogre
 11261 | D:9      | Killed a two-headed ogre
 11292 | D:9      | Reached skill level 12 in Maces & Flails
 11445 | D:9      | Found a staircase to the Lair.
 11490 | D:9      | Noticed a two-headed ogre
 11498 | D:9      | Killed a two-headed ogre
 11555 | D:9      | Reached XP level 11. HP: 80/80 MP: 11/11
 11832 | D:9      | Noticed Harold
 11840 | D:9      | Killed Harold
 12089 | Lair:1   | Entered Level 1 of the Lair of Beasts
 12103 | Lair:1   | Found a frozen archway.
 12129 | IceCv    | Entered an ice cave
 12555 | IceCv    | Reached skill level 13 in Maces & Flails
 12786 | IceCv    | Noticed a white draconian
 12806 | IceCv    | Killed a white draconian
 12989 | IceCv    | Identified the ring of Res Nullius {Ice Dex+3}
 13672 | Lair:1   | Reached skill level 10 in Dodging
 13706 | Lair:1   | Noticed Prince Ribbit
 13721 | Lair:1   | Killed Prince Ribbit
 13813 | Lair:1   | HP: 20/80 [cane toad (11)]
 13818 | Lair:1   | HP: 13/80 [poisoned by a cane toad]
 14145 | Lair:1   | Noticed a five-headed hydra
 14264 | Lair:1   | Killed a five-headed hydra
 14395 | Lair:1   | Noticed a seven-headed hydra
 14405 | Lair:1   | Killed a seven-headed hydra
 14681 | Lair:2   | Found a hole to the Spider Nest.
 14713 | Lair:2   | Reached XP level 12. HP: 86/86 MP: 12/12
 14789 | Lair:2   | Reached skill level 14 in Maces & Flails
 14791 | Lair:2   | HP: 28/86 [poisoned by a water moccasin]
 14796 | Lair:2   | HP: 25/86 [poisoned by a water moccasin]
 16027 | Lair:3   | Noticed Nergalle
 16036 | Lair:2   | Killed Nergalle
 16314 | Lair:3   | Noticed Fannar
 16337 | Lair:3   | Reached skill level 5 in Armour
 16351 | Lair:3   | Killed Fannar
 16700 | Lair:3   | Noticed Rupert
 16726 | Lair:3   | Paralysed by Rupert for 5 turns
 16730 | Lair:3   | HP: 24/86 [Rupert (14)]
 16734 | Lair:3   | Killed Rupert
 17040 | Lair:3   | Noticed a death yak
 17050 | Lair:3   | Noticed a death yak
 17065 | Lair:2   | Killed a death yak
 17066 | Lair:2   | Reached skill level 15 in Maces & Flails
 17192 | Lair:3   | Noticed a death yak
 17192 | Lair:3   | Noticed a death yak
 17224 | Lair:3   | Killed a death yak
 17457 | Lair:3   | Found a staircase to the Swamp.
 17478 | Lair:3   | Noticed Gastronok
 17489 | Lair:3   | HP: 15/86 [Gastronok/the air (22)]
 17490 | Lair:3   | Killed from afar by Gastronok

Illustrated notes

Levels and vault maps discovered:
D:1:      shiori_shiawase, layout_loops_ring,
          hellmonk_ecumenical_altar_prayer_group
D:2:      layout_loops_ring, hex_tiny, dk_noncrumbling_3, uniq_jessica
D:3:      layout_rooms, marbit_many_paths, gammafunk_temple_overflow_pools,
          gup_sewer_entry_bowl
D:4:      layout_layer_cave, lemuel_doored_altar, minmay_manual_mail
D:5:      layout_basic, minmay_manual_mess, uniq_duvessa
D:6:      layout_loops_ring, mainiacjoe_overflow_brackets, led_xom_imps,
          minmay_temple_entry_antechambers, nrook_mini_vaults
D:7:      layout_layer_cave, minmay_ruffians, uniq_menkaure
D:8:      kennysheep_housing_project, layout_basic, grunt_ministairs_14,
          hex_intersection, hellmonk_bongcloud_opening, uniq_maggie
D:9:      layout_rooms, grunt_lair_entry_orc_guard_hut, uniq_harold
Lair:1:   layout_big_grid, portal_ice_cave_entry_ice_simulacra,
          grunt_megastairs_1, serial_bayou_shore_a, uniq_prince_ribbit2
Lair:2:   layout_big_grid, dummy_spider_entry, beast_lair_carwin_10,
          serial_bayou_shore_b, serial_bayou_shore_b
Lair:3:   layout_regular_city, minmay_swamp_entry_worms, uniq_gastronok,
          uniq_nergalle, uniq_fannar, uniq_rupert

Skill      XL: |  1  2  3  4  5  6  7  8  9 10 11 12 |
---------------+-------------------------------------+-----
Maces & Flails | 3 4 5 6 7 9 10 12 13 15 | 15.2
Shields        | 3 4 5 6 7 8 |  8.3
Dodging        | 1 4 6 8 10 11 | 11.8
Armour         | 4 5 |  5.9
Fighting       | |  3.3

Action                   |  1- 3 |  4- 6 |  7- 9 | 10-12 || total
-------------------------+-------+-------+-------+-------++-------
Melee: Flail             |   105 |   259 |   292 |       ||   656
       Tailslap          |    11 |    31 |    62 |   112 ||   216
       Morningstar       |       |       |    51 |   684 ||   735
 Fire: Hunting sling     |     7 |     8 |     7 |     5 ||    27
Throw: Dart              |       |       |     7 |     4 ||    11
Invok: Lunge             |     2 |    18 |    24 |    36 ||    80
       Whirlwind         |       |    64 |    40 |    61 ||   165
       Serpent's Lash    |       |     1 |     4 |     2 ||     7
       Heavenly Storm    |       |       |       |     1 ||     1
 Abil: Rolling Charge    |     4 |       |     1 |       ||     5
Evoke: Wand              |       |       |       |     3 ||     3
       Piece from Xom's  |       |       |       |     2 ||     2
  Use: Scroll            |       |     7 |     6 |    16 ||    29
       Potion            |       |     4 |     2 |     2 ||     8
 Stab: Invisible         |       |     3 |       |       ||     3
       Petrified         |       |       |       |     5 ||     5
Armor: Scale mail        |    56 |   140 |   146 |       ||   342
       Acid dragon scale |       |       |    28 |   101 ||   129
       Plate armour      |       |       |    11 |       ||    11
       Storm dragon scal |       |       |       |   165 ||   165
Dodge: Dodged            |    15 |    62 |    56 |   128 ||   261
Block: Kite shield       |    56 |   138 |   153 |   258 ||   605
